 Dungeon Crawl Stone Soup version 0.27-a0-328-g7f782ed93a (webtiles) character file.

Game seed: 17936759093957596648

7635 Murumi the Thrower (level 11, -7/111 HPs)
             Began as an Ogre Fighter on Feb 11, 2021.
             Was an Elder of Okawaru.
             Mangled by an orc warrior
             ... wielding a +0 hand axe
              (15 damage)
             ... while paralysed
             ... on level 10 of the Dungeon.
             The game lasted 00:54:23 (12302 turns).

Murumi the Thrower (Ogre Fighter)                  Turns: 12302, Time: 00:54:24

Health: -7/111     AC:  6    Str: 26    XL:     11   Next: 18%
Magic:  13/13      EV:  1    Int: 12    God:    Okawaru [****..]
Gold:   477        SH:  0    Dex:  8    Spells: 10/10 levels left

rFire    . . .     SeeInvis .   n - +7 mace "Hydrabane" {speed, +Inv Str+4}
rCold    . . .     Faith    +   c - +1 kite shield
rNeg     . . .     Spirit   .   D - +2 animal skin
rPois    .         Reflect  .   (helmet restricted)
rElec    .         Harm     .   o - +0 cloak
rCorr    .         Rampage  .   (gloves unavailable)
Will     +....                  (boots unavailable)
Stlth    +++.......             I - amulet of faith
HPRegen  0.28/turn              i - +4 ring of evasion
MPRegen  0.13/turn              q - +4 ring of slaying

@: paralysed, berserk cooldown, slowed
A: large, unfitting armour, tough skin 1
a: Renounce Religion, Evoke Invisibility, Heroism


You were on level 10 of the Dungeon.
You worshipped Okawaru.
Okawaru was greatly pleased with you.
You visited 2 branches of the dungeon, and saw 11 of its levels.

You collected 672 gold pieces.
You spent 195 gold pieces at shops.

Inventory:

Hand Weapons
 a - a +0 whip of freezing
 n - the +7 mace "Hydrabane" (weapon) {speed, +Inv Str+4}
   (You found it on level 5 of the Dungeon)

   Attacks with this weapon are significantly faster.
   It affects your strength (+4).
   It lets you turn invisible.
 z - a +0 giant spiked club
Missiles
 e - 7 silver boomerangs
 f - 310 stones (quivered)
 l - 4 large rocks
 A - 3 poisoned darts
 G - 22 boomerangs
Armour
 c - a +1 kite shield (worn)
 o - a +0 cloak (worn)
 D - a +2 animal skin (worn)
Jewellery
 h - a ring of ice
 i - a +4 ring of evasion (left hand)
 q - a +4 ring of slaying (right hand)
 I - an amulet of faith (around neck)
 K - a ring of protection from fire
Wands
 b - a wand of charming (8)
 j - a wand of iceblast (23)
 p - a wand of acid (12)
 y - a wand of polymorph (4)
 B - a wand of digging (25)
 J - a wand of mindburst (29)
Scrolls
 s - 4 scrolls of teleportation
 u - 2 scrolls of magic mapping
 v - 2 scrolls of fear
 w - 2 scrolls of blinking
 x - 4 scrolls of fog
 E - 3 scrolls of amnesia
 M - a scroll of enchant armour
Potions
 d - 2 potions of might
 g - a potion of brilliance
 k - 2 potions of lignification
 m - 3 potions of berserk rage
 r - 2 potions of cancellation
 t - a potion of attraction
 C - a potion of flight
 F - 2 potions of curing
 H - a potion of magic
 L - a potion of invisibility {unknown}


   Skills:
 - Level 8.0 Fighting
 - Level 8.0 Maces & Flails
 - Level 9.0 Throwing
 - Level 1.0 Armour
 - Level 4.0 Dodging
 + Level 6.6 Stealth
 - Level 5.0 Shields
 - Level 3.0 Invocations
 - Level 1.0 Evocations


You had 10 spell levels left.
You didn't know any spells.
Your spell library contained the following spells:

 Spells                   Type           Power        Failure   Level
 Animate Skeleton         Necr           0%           61%         1
 Apportation              Tloc           0%           61%         1
 Corona                   Hex            0%           61%         1
 Freeze                   Ice            0%           61%         1
 Sandblast                Erth           0%           61%         1
 Summon Small Mammal      Summ           0%           61%         1
 Call Imp                 Summ           0%           75%         2
 Passwall                 Tmut/Erth      0%           75%         2
 Call Canine Familiar     Summ           0%           93%         3
 Frozen Ramparts          Ice            0%           93%         3
 Ozocubu's Armour         Ice            0%           93%         3
 Stone Arrow              Conj/Erth      0%           93%         3
 Summon Guardian Golem    Hex/Summ       0%           93%         3
 Hailstorm                Conj/Ice       0%           100%        4
 Petrify                  Tmut/Erth      0%           100%        4
 Summon Ice Beast         Ice/Summ       0%           100%        4
 Summon Lightning Spire   Summ/Air       0%           100%        4
 Lee's Rapid Deconstruct  Erth           0%           100%        5


Dungeon Overview and Level Annotations

Branches:
Dungeon (10/15)            Temple (1/1) D:5
   Lair: D:8-11         Orc: D:9-12

Altars:
Ashenzari
Cheibriados
Dithmenos
Elyvilon
Fedhas
Gozag
Hepliaklqana
Kikubaaqudgha
Makhleb
Nemelex Xobeh
Okawaru
Qazlal
Ru
Sif Muna
Trog
Uskayaw
Vehumet
Wu Jian
Xom
Yredelemnul
Zin
The Shining One

Shops:
D:4 ?([[

Annotations:
D:9 3 runed translucent doors


Innate Abilities, Weirdness & Mutations

You are too large for most types of armour.
You have tough skin. (AC +1)


Message History

You hear some strange, mumbled words.
A magic dart appears from out of thin air!
The magic dart hits you.
You hit something. Okawaru accepts your kill.
Reactivating autopickup.
You feel a bit more experienced.
You feel like a meek peon again. The orc warrior misses you.
Items here: ( )))) [[[ ††.
You sock the orc warrior!
The orc warrior is heavily wounded.
The orc warrior hits you with a +0 hand axe!!
* * * LOW HITPOINT WARNING * * *
You sock the orc warrior!
The orc warrior is almost dead.
You hit the orc warrior.
The orc warrior is almost dead.
The orc warrior hits you with a +0 hand axe!
* * * LOW HITPOINT WARNING * * *
Okay, then.
Unknown command.
Things that are here:
a +0 dire flail; 5 boomerangs; a +0 plate armour The orc priest looks satisfied for a moment.
The orc priest mumbles some strange prayers to Beogh against you.
Beogh smites you!
* * * LOW HITPOINT WARNING * * *
A red film seems to cover your vision as you go berserk!
You feel yourself moving faster!
You feel mighty!
You feel a strong urge to attack something.
You feel your anger nearly subside.
You are no longer berserk.
You pass out from exhaustion.
You feel yourself slow down.
The orc warrior hits you but does no damage.
The orc warrior hits you with a +0 hand axe.
* * * LOW HITPOINT WARNING * * *
The orc priest looks satisfied for a moment.
The orc warrior hits you with a +0 hand axe!
You die...

#.# #.# #.# #.#
#o#####.####.# #.#
#.o..........# #.#
#######o###### #.#
#o### #.#
##...##### #.#
#o........ #.##
#o##.#####
#..###########@#
.#
#..)........##.#
.#
##)########.##.# #
#)# #.##.# # #.#
##....#
####.######.######
....)..†.....##
....)####.....##
..................


You could see an orc warrior, an orc priest and 2 orcs.

Vanquished Creatures
  Erolcha (D:9)
  A two-headed ogre (D:8)
  The ghost of anet the Ducker, a novice GnMo (D:4)
  Joseph (D:7)
  A shadow (D:10)
  3 yaks
  Grum (D:7)
  2 sky beasts (D:5)
  11 orc warriors
  A black bear (D:9)
  An ice beast (D:7)
  7 ogres
  2 centaurs
  2 wolves (D:7)
  3 phantoms
  Blork the orc (D:5)
  6 bullfrogs
  A gnoll sergeant (D:10)
  3 scorpions
  A centaur zombie (D:9)
  A bullfrog zombie (D:8)
  A jelly (D:7)
  3 bullfrog skeletons
  9 orc priests
  6 hounds
  Crazy Yiuf (D:5)
  Ijyb (D:5)
  Natasha (thrice) (D:2)
  3 iguanas
  16 orc wizards
  8 worker ants
  6 gnolls
  13 adders
  3 shadow imps
  A white imp (D:4)
  3 ufetubi
  2 worms
  2 dart slugs
  6 leopard geckos
  46 orcs
  5 ball pythons (D:3)
  10 bats
  2 giant cockroaches
  9 goblins
  9 hobgoblins
  12 jackals
  3 kobolds
  5 quokkas
  A ball python skeleton (D:4)
  7 frilled lizards
  2 jackal skeletons
  2 leopard gecko skeletons
  A leopard gecko zombie (D:6)
  A quokka zombie (D:6)
  9 rats
262 creatures vanquished.

Vanquished Creatures (others)
  An orc wizard (D:3)
  6 plants (D:3)
7 creatures vanquished.

Grand Total: 269 creatures vanquished

Notes
Turn   | Place    | Note
-------+----------+-------------------------------------------
     0 | D:1      | Murumi the Ogre Fighter began the quest for the Orb.
     0 | D:1      | Reached XP level 1. HP: 24/24 MP: 1/1
   181 | D:1      | Reached XP level 2. HP: 12/32 MP: 2/2
   695 | D:1      | Reached skill level 1 in Stealth
   704 | D:1      | Reached XP level 3. HP: 37/39 MP: 3/3
  1046 | D:2      | Reached skill level 1 in Throwing
  1281 | D:2      | Found a burning altar of Makhleb.
  1342 | D:2      | Reached skill level 2 in Throwing
  1451 | D:2      | Found an ancient bone altar of Kikubaaqudgha.
  1519 | D:2      | Noticed Natasha
  1530 | D:2      | Killed Natasha
  1531 | D:2      | Reached XP level 4. HP: 21/48 MP: 4/4
  1800 | D:3      | Reached XP level 5. HP: 27/54 MP: 5/5
  2278 | D:2      | Noticed Natasha
  2287 | D:2      | Killed Natasha
  2446 | D:2      | Found an ancient bone altar of Kikubaaqudgha.
  2596 | D:2      | Found a burning altar of Makhleb.
  2642 | D:2      | Noticed Natasha
  2660 | D:2      | Killed Natasha
  2661 | D:2      | Reached skill level 3 in Throwing
  2839 | D:3      | Reached XP level 6. HP: 46/62 MP: 6/6
  3019 | D:3      | You fall into a shaft and drop 2 floors!
  3019 | D:5      | Entered Level 5 of the Dungeon
  3108 | D:4      | Reached skill level 4 in Throwing
  3327 | D:3      | Found a faded altar of an unknown god.
  3368 | D:3      | Found a glowing golden altar of the Shining One.
  4052 | D:4      | Found Koboblus's Armour Boutique.
  4206 | D:4      | Found a transporter.
  4207 | D:4      | Noticed anet's ghost (novice GnMo)
  4242 | D:4      | Found Fistaj's Magic Scroll Shop.
  4246 | D:4      | Bought a scroll of magic mapping for 35 gold pieces
  4246 | D:4      | Bought a scroll of fear for 35 gold pieces
  4246 | D:4      | Bought a scroll of teleportation for 30 gold pieces
  4246 | D:4      | Bought a scroll of blinking for 75 gold pieces
  4246 | D:4      | Bought a scroll of fog for 20 gold pieces
  4247 | D:4      | Found Rapnodah's Antique Weapon Shoppe.
  4334 | D:4      | Found Mulo's Armour Boutique.
  4352 | D:4      | Found a transporter.
  4402 | D:4      | Found a bloodstained altar of Trog.
  4462 | D:4      | Reached XP level 7. HP: 24/70 MP: 7/7
  5023 | D:5      | Found a snail-covered altar of Cheibriados.
  5385 | D:5      | Noticed a yak
  5385 | D:5      | Noticed a yak
  5394 | D:5      | Noticed a yak
  5412 | D:5      | Killed a yak
  5413 | D:5      | Reached skill level 5 in Throwing
  5413 | D:5      | Reached XP level 8. HP: 78/78 MP: 8/8
  5426 | D:4      | Killed a yak
  5502 | D:5      | Killed a yak
  5503 | D:5      | Reached skill level 5 in Maces & Flails
  5853 | D:5      | Found a runed translucent door.
  5854 | D:5      | Noticed Crazy Yiuf
  5873 | D:5      | Noticed Ijyb
  5880 | D:5      | Killed Ijyb
  5960 | D:5      | Noticed Blork the orc
  5966 | D:5      | Killed Blork the orc
  5967 | D:5      | Reached skill level 5 in Shields
  6089 | D:5      | Found a staircase to the Ecumenical Temple.
  6106 | Temple   | Entered the Ecumenical Temple
  6200 | Temple   | Became a worshipper of Warmaster Okawaru
  6524 | D:5      | Killed Crazy Yiuf
  6531 | D:5      | Identified the +7 mace "Hydrabane" {speed, +Inv Str+4} (You
                  | found it on level 5 of the Dungeon)
  6602 | D:4      | Reached skill level 6 in Throwing
  6653 | D:4      | Killed anet's ghost
  6654 | D:4      | Reached skill level 1 in Invocations
  6654 | D:4      | Reached skill level 1 in Evocations
  6654 | D:4      | Reached skill level 5 in Fighting
  6654 | D:4      | Reached skill level 1 in Armour
  6654 | D:4      | Reached XP level 9. HP: 82/88 MP: 8/10
  7158 | D:6      | Reached skill level 7 in Throwing
  7371 | D:6      | Reached * piety under Okawaru
  8124 | D:7      | Reached skill level 5 in Stealth
  8324 | D:7      | Found a sparkling altar of Nemelex Xobeh.
  8324 | D:7      | Found an opulent altar of Gozag.
  8809 | D:7      | Noticed Joseph
  8816 | D:7      | Killed Joseph
  8817 | D:7      | Reached skill level 8 in Throwing
  8817 | D:7      | Reached XP level 10. HP: 65/98 MP: 8/11
  9386 | D:8      | Noticed Grum
  9395 | D:7      | Reached ** piety under Okawaru
  9404 | D:7      | Killed Grum
  9572 | D:8      | Noticed a two-headed ogre
  9581 | D:8      | Killed a two-headed ogre
 10249 | D:9      | Found a basalt altar of Yredelemnul.
 10360 | D:9      | Reached *** piety under Okawaru
 10465 | D:9      | Reached skill level 9 in Throwing
 10755 | D:9      | Found a runed translucent gate.
 10763 | D:9      | Found a runed translucent gate.
 10763 | D:9      | Found a runed translucent gate.
 10763 | D:9      | Noticed a brown ugly thing
 10889 | D:9      | Noticed a purple very ugly thing
 10889 | D:9      | Noticed a brown ugly thing
 10890 | D:9      | Noticed a brown ugly thing
 10892 | D:9      | Noticed a glowing orange brain
 11177 | D:9      | Noticed Erolcha
 11211 | D:9      | Killed Erolcha
 11211 | D:9      | Reached **** piety under Okawaru
 11212 | D:9      | Reached XP level 11. HP: 75/111 MP: 10/12
 11503 | D:10     | Entered Level 10 of the Dungeon
 11611 | D:10     | Received a gift from Okawaru
 12302 | D:10     | Mangled by an orc warrior

Illustrated notes

Levels and vault maps discovered:
D:1:      dpeg_arrival_prison, layout_rooms
D:2:      layout_basic, lemuel_doored_altar, general_overflow_altar,
          uniq_natasha
D:3:      layout_basic, nicolae_overflow_crystal_walls,
          chequers_ecumenical_altar_lobes, minmay_snake_closets
D:4:      layout_cave_pools, kennysheep_mini, serial_shops,
          nicolae_shop_crystal, shop, nicolae_shop_stone, shop,
          gammafunk_ghost_arena
D:5:      layout_basic, cheibriados_altar_1, temple_fountains,
          uniq_blork_the_orc, uniq_crazy_yiuf_cottage, uniq_ijyb
D:6:      layout_loops_corners
D:7:      layout_loops_ring, grunt_temple_overflow_opulence, uniq_joseph
D:8:      layout_rooms, serial_curves, eino_curves_04, eino_curves_03, uniq_grum
D:9:      layout_roguey, yredelemnul_altar_generic, serial_co_window_serial,
          co_window_paths_b, co_window_paths_b, co_window_corner_a,
          co_window_corner_a, co_window_of_opportunity_a, co_window_corner_a,
          co_window_paths_a, co_window_of_opportunity_c,
          co_window_of_opportunity_b, co_window_broadway_c,
          ploomutoo_gammafunk_ghost_potion_laboratory, uniq_erolcha
D:10:     layout_loops_ring, david_orc_4
Temple:   nicolae_temple_great_sept

Skill      XL: |  1  2  3  4  5  6  7  8  9 10 11 |
---------------+----------------------------------+-----
Maces & Flails | 2 3 4 5 6 8 |  8.0
Shields        | 3 4 5 |  5.0
Dodging        | 3 4 |  4.0
Stealth        | 1 2 3 4 5 6 |  6.6
Throwing       | 2 3 4 5 6 8 9 |  9.0
Invocations    | 2 3 |  3.0
Evocations     | 1 |  1.0
Fighting       | 5 6 8 |  8.0
Armour         | 1 |  1.0

Action                   |  1- 3 |  4- 6 |  7- 9 | 10-12 || total
-------------------------+-------+-------+-------+-------++-------
Melee: Whip              |    81 |   182 |    63 |       ||   326
       Flail             |     5 |       |       |       ||     5
       Mace              |       |       |   100 |   211 ||   311
Throw: Stone             |    71 |    81 |    81 |   148 ||   381
       Dart              |     5 |    25 |    49 |     3 ||    82
       Boomerang         |       |       |    13 |       ||    13
       Large rock        |       |       |     4 |     4 ||     8
Invok: Heroism           |       |       |     1 |     3 ||     4
Evoke: Wand              |       |       |     1 |       ||     1
  Use: Scroll            |     5 |     2 |     4 |     3 ||    14
       Potion            |     1 |     3 |       |     1 ||     5
 Stab: Sleeping          |     3 |     2 |     3 |     3 ||    11
Armor: Robe              |    20 |    32 |    18 |     5 ||    75
       Animal skin       |       |       |       |    13 ||    13
Dodge: Dodged            |    33 |    55 |    50 |    62 ||   200
Block: Kite shield       |    39 |    48 |    35 |    56 ||   178

Table legend: (Time is in decaauts)
 A = Elapsed time spent in this place.
 B = Non-inter-level travel time spent in this place.
 C = Inter-level travel time spent in this place.
 D = Time resting spent in this place.
 E = Time spent auto-exploring this place.
 F = Levels seen in this place.
 G = Mean time per level.
                   A        B        C        D        E       F      G
               +--------+--------+--------+--------+--------+-----+--------+
         Total |  12322 |  11465 |    857 |    565 |   9037 |  11 | 1120.2 |
       Dungeon |  12218 |  11390 |    828 |    565 |   8963 |  10 | 1221.8 |
        Temple |    104 |     75 |     29 |      0 |     74 |   1 |  104.0 |
               +--------+--------+--------+--------+--------+-----+--------+

Top non-repeatable levels by time:
     D:2: 1730 daAuts
     D:5: 1725 daAuts
     D:7: 1528 daAuts
     D:9: 1416 daAuts
     D:6: 1219 daAuts
     D:3: 1187 daAuts
     D:1: 1101 daAuts
     D:4: 1021 daAuts
    D:10: 705 daAuts
     D:8: 581 daAuts
  Temple: 104 daAuts
